 Dungeon Crawl Stone Soup version 0.24-a0-235-g3f03afc (webtiles) character file.

Game seed: 2365550722621506544

106 GEC the Digger (level 4, -4/45 HPs)
             Began as an Ogre Wanderer on Apr 5, 2019.
             Slain by an orc
             ... wielding a +0 short sword
              (7 damage)
             ... on level 2 of the Dungeon.
             The game lasted 00:04:29 (1678 turns).

GEC the Digger (Ogre Wanderer)                      Turns: 1678, Time: 00:04:30

Health: -4/45      AC:  3    Str: 20    XL:     4   Next: 84%
Magic:  7/7        EV: 10    Int: 11    God:
Gold:   84         SH:  0    Dex:  7    Spells: 7/8 levels left

rFire    . . .     SeeInvis .   c - +0 whip (venom)
rCold    . . .     Gourm    .   (no shield)
rNeg     . . .     Faith    .   e - +0 robe
rPois    .         Spirit   .   (helmet restricted)
rElec    .         Reflect  .   (no cloak)
rCorr    .         Harm     .   (gloves unavailable)
MR       .....                  (boots unavailable)
Stlth    +.........             (no amulet)
HPRegen  0.15/turn              (no ring)
MPRegen  0.10/turn              (no ring)

@: confused
A: large, unfitting armour, tough skin 1
a: no special abilities


You were on level 2 of the Dungeon.
You were not hungry.

You visited 1 branch of the dungeon, and saw 2 of its levels.

You collected 84 gold pieces.

Inventory:

Hand Weapons
 c - a +0 whip of venom (weapon)
Missiles
 b - 3 throwing nets (quivered)
Armour
 e - a +0 robe (worn)
Scrolls
 g - a scroll of fog {unknown}
 i - 2 scrolls of identify {unknown}
Potions
 d - a potion of lignification
Comestibles
 f - 3 rations


   Skills:
 + Level 3.1 Fighting
 - Level 1.0 Throwing
 + Level 2.6 Dodging
 - Level 1.0 Stealth
 + Level 2.5 Spellcasting
 + Level 1.6 Fire Magic
   Level 3.6 Earth Magic


You had 7 spell levels left.
You knew the following spells:

 Your Spells              Type           Power        Failure   Level  Hunger
a - Flame Tongue          Conj/Fire      #....        21%         1    ##.....

Your spell library contained the following spells:

 Spells                   Type           Power        Failure   Level  Hunger
 Ignite Poison            Fire/Tmut/Pois #.......     54%         3    ####...


Dungeon Overview and Level Annotations

Branches:
Dungeon (2/15)

Altars:


Innate Abilities, Weirdness & Mutations

You are too large for most types of armour.
You have tough skin. (AC +1)


Message History

Something hits you but does no damage. Something hits you but does no damage.
A jackal comes into view.
A magic dart appears from out of thin air!
The magic dart hits you.
* * * LOW HITPOINT WARNING * * *
You hear some strange, mumbled words.
You are confused.
You barely miss the orc. Something hits you.
* * * LOW HITPOINT WARNING * * *
The orc closely misses you.
You barely miss something. Something hits you.
* * * LOW HITPOINT WARNING * * *
Something hits you.
* * * LOW HITPOINT WARNING * * *
It was a potion of magic.
Magic courses through your body. The orc barely misses you.
The orc hits you but does no damage. Something hits you but does no damage.
You're too confused to move!
The orc hits you with a +0 short sword!
You die...

.. #..# ....##
......# .# ..#..##
#####...#
.....#####<....#
..###.#..oo...#####
........h{@...#
.####..#####.#
##..o###÷#
###o.##>## ##.†...#
###.>.##...
#....$....# ####
....o....###.##
##... #...###..#
#####..(.


You could see 2 orcs and a jackal.

Vanquished Creatures
  Jessica (D:2)
  An orc wizard (D:2)
  A gnoll (D:1)
  2 adders (D:2)
  2 dart slugs
  A leopard gecko (D:1)
  2 bats
  A giant cockroach (D:1)
  3 hobgoblins (D:1)
  A jackal (D:2)
  4 kobolds
  A frilled lizard (D:1)
  3 goblins (D:1)
  4 rats (D:1)
27 creatures vanquished.

Notes
Turn   | Place    | Note
-------+----------+-------------------------------------------
     0 | D:1      | GEC the Ogre Wanderer began the quest for the Orb.
     0 | D:1      | GEC set off with the following items: a +0 club, 3 throwing
                  | nets, a potion of lignification, a +0 robe, a ration; and
                  | the following spell memorised: Flame Tongue; and the
                  | following spells available to memorise: Ignite Poison
     0 | D:1      | Reached XP level 1. HP: 19/19 MP: 2/2
   206 | D:1      | Reached XP level 2. HP: 19/28 MP: 4/4
   819 | D:1      | Reached skill level 1 in Fire Magic
   819 | D:1      | Reached XP level 3. HP: 15/35 MP: 5/5
  1122 | D:2      | Noticed Jessica
  1129 | D:2      | Killed Jessica
  1134 | D:1      | Reached XP level 4. HP: 25/44 MP: 4/7
  1678 | D:2      | Slain by an orc

Levels and vault maps discovered:
D:1:      saegor_arrival_simple_c, layout_loops_ring
D:2:      layout_rooms, uniq_jessica

Skill      XL: |  1  2  3  4 |
---------------+-------------+-----
Dodging        | 2 |  2.6
Fighting       | 2 3 |  3.1
Fire Magic     | 1 |  1.6
Spellcasting   | 2 |  2.5
Throwing       | |  1.0
Stealth        | |  1.0
Earth Magic    | |  3.6

Action                   |  1- 3 |  4- 6 || total
-------------------------+-------+-------++-------
Melee: Club              |    18 |       ||    18
       Whip              |    38 |    31 ||    69
 Cast: Flame Tongue      |     4 |     3 ||     7
  Use: Potion            |       |     1 ||     1
 Stab: Sleeping          |     1 |       ||     1
  Eat: Chunk             |     1 |     2 ||     3
Armor: Robe              |    11 |    12 ||    23
Dodge: Dodged            |    29 |    12 ||    41

Table legend:
 A = Non-vault XP
 B = Vault XP
 C = Vault XP percentage of total XP
 D = Non-vault monster count
 E = Vault monster count
 F = Vault count percentage of total count
                 A         B        C        D         E       F
            +---------+---------+-------+---------+---------+-------
      Total |     115 |      37 |  24.3 |      26 |       1 |   3.7
            +---------+---------+-------+---------+---------+-------
        D:1 |      45 |       0 |   0.0 |      19 |       0 |   0.0
        D:2 |      70 |      37 |  34.6 |       7 |       1 |  12.5
            +---------+---------+-------+---------+---------+-------
